 Dungeon Crawl Stone Soup version 0.29.1-1-gd02db6906a (webtiles) character file.

Game seed: 10055536853869999762

120 Ashen the Firebug (level 4, -4/32 HPs)
             Began as a Demonspawn Fire Elementalist on Oct 8, 2022.
             Slain by a kobold brigand
             ... wielding a +0 dagger
              (7 damage)
             ... on level 3 of the Dungeon.
             The game lasted 00:06:56 (2720 turns).

Ashen the Firebug (Demonspawn Fire Elementalist)    Turns: 2720, Time: 00:06:57

Health: -4/32      AC:  2    Str:  8    XL:     4   Next: 75%
Magic:  8/8        EV: 12    Int: 25    God:
Gold:   105        SH:  0    Dex: 13    Spells: 7/8 levels left

rFire   + . .      SeeInvis .   c - +0 short sword
rCold   + . .      Faith    .   (no shield)
rNeg    . . .      Spirit   .   k - +0 robe {rC+}
rPois   .          Reflect  .   (no helmet)
rElec   .          Harm     .   (no cloak)
rCorr   .          Rampage  .   (no gloves)
Will    .....                   (no boots)
Stlth   ++........              (no amulet)
HPRegen 0.10/turn               f - +6 ring of intelligence
MPRegen 0.11/turn               p - ring of protection from fire

@: no status effects
A: powered by death 2
a: no special abilities


You were on level 3 of the Dungeon.
You visited 1 branch of the dungeon, and saw 3 of its levels.

You collected 105 gold pieces.

Inventory:

Hand Weapons
 c - a +0 short sword (weapon)
Armour
 k - a +0 robe of cold resistance (worn)
Jewellery
 f - a +6 ring of intelligence (left hand)
 p - a ring of protection from fire (right hand)
Scrolls
 a - a scroll of poison {unknown}
 g - 2 scrolls of fear {unknown}
 h - a scroll of brand weapon {unknown}
 l - a scroll of fog {unknown}
 n - a scroll of identify {unknown}
 o - 2 scrolls of noise {unknown}
Potions
 b - a potion of magic
 d - a potion of invisibility
 i - a potion of degeneration {unknown}
 j - a potion of curing {unknown}
 m - a potion of attraction
 q - a potion of brilliance {unknown}


   Skills:
 + Level 1.1 Fighting
 + Level 2.2 Dodging
 + Level 2.5 Stealth
 * Level 2.7 Spellcasting
 * Level 2.1 Conjurations
 * Level 3.3 Fire Magic


You had 7 spell levels left.
You knew the following spells:

 Your Spells              Type           Power      Damage    Failure   Level
a - Foxfire               Conj/Fire      68%        2x1d7     3%          1

Your spell library contained the following spells:

 Spells                   Type           Power      Damage    Failure   Level
 Scorch                   Fire           40%        2d7       4%          2
 Conjure Flame            Conj/Fire      17%        6-21      10%         3
 Inner Flame              Hex/Fire       11%        N/A       16%         3
 Stone Arrow              Conj/Erth      16%        3d8       21%         3
 Flame Wave               Conj/Fire      17%        2d7       32%         4
 Animate Armour           Summ/Erth      6%         N/A       71%         4
 Lehudib's Crystal Spear  Conj/Erth      4%         10d3      100%        8


Dungeon Overview and Level Annotations

Branches:
Dungeon (3/15)

Altars:

Annotations:
D:2 Sigmund


Innate Abilities, Weirdness & Mutations

You regenerate health from kills.


Message History

You hit the kobold brigand but do no damage.
The kobold brigand is lightly wounded.
The kobold brigand hits you with a +0 dagger.
You hit the kobold brigand but do no damage.
The kobold brigand is lightly wounded.
The kobold brigand closely misses you.
You bump into the rock wall.
The kobold brigand closely misses you.
You barely miss the kobold brigand.
The kobold brigand is lightly wounded.
The kobold brigand misses you.
You feel less attractive to monsters.
You bump into the rock wall.
The kobold brigand misses you.
You bump into the rock wall.
The kobold brigand hits you with a +0 dagger.
You bump into the rock wall.
The kobold brigand barely misses you.
You closely miss the kobold brigand.
The kobold brigand is lightly wounded.
You flicker for a moment.
The kobold brigand completely misses you.
You closely miss the kobold brigand.
The kobold brigand is lightly wounded.
The kobold brigand hits you with a +0 dagger!
You bump into the rock wall.
The kobold brigand hits you with a +0 dagger.
You bump into the stone wall.
The kobold brigand misses you.
You're too confused to cast spells.
Unknown command.
You hit the kobold brigand.
The kobold brigand is lightly wounded.
The kobold brigand barely misses you.
The kobold brigand hits you with a +0 dagger!
* * * LOW HITPOINT WARNING * * *
You closely miss the kobold brigand.
The kobold brigand is lightly wounded.
You flicker back into view.
You feel less confused.
The kobold brigand hits you with a +0 dagger.
* * * LOW HITPOINT WARNING * * *
You hit the kobold brigand.
The kobold brigand is moderately wounded.
The kobold brigand hits you with a +0 dagger!
You die...

#§§§# #§§§#
#§§§# #§§§#
#§§§# # #§§§#
## ##§§§## .#
#§§§K§# .#
##§§§§@# .#
####..#####
.#######....##
.........####
##########


You could see a kobold brigand.

Vanquished Creatures
  An orc priest (D:3)
  3 adders
  2 worms (D:2)
  A dart slug (D:1)
  3 orcs (D:3)
  8 ball pythons
  2 endoplasms (D:1)
  5 giant cockroaches
  2 goblins
  2 hobgoblins
  2 quokkas
  5 bats (D:1)
  5 frilled lizards
  9 kobolds
  5 rats
55 creatures vanquished.

Vanquished Creatures (others)
  97 foxfires
97 creatures vanquished.

Grand Total: 152 creatures vanquished

Notes
Turn   | Place    | Note
-------+----------+-------------------------------------------
     0 | D:1      | Ashen the Demonspawn Fire Elementalist began the quest for
                  | the Orb.
     0 | D:1      | Reached XP level 1. HP: 13/13 MP: 3/3
   391 | D:1      | Gained mutation: You regenerate a little health from kills.
                  | [demonic ancestry]
   391 | D:1      | Reached XP level 2. HP: 19/19 MP: 5/5
   725 | D:1      | Reached skill level 3 in Fire Magic
   759 | D:1      | Reached XP level 3. HP: 23/25 MP: 6/6
  1039 | D:2      | Noticed Sigmund
  2227 | D:3      | Gained mutation: You regenerate health from kills. [demonic
                  | ancestry]
  2227 | D:3      | Reached XP level 4. HP: 31/31 MP: 1/7
  2377 | D:3      | Reached skill level 1 in Fighting
  2664 | D:3      | Noticed a kobold brigand
  2720 | D:3      | Slain by a kobold brigand

Illustrated notes

Levels and vault maps discovered:
D:1:      ncdulo_wetmaze, layout_rooms, minmay_ruptured
D:2:      layout_basic, uniq_sigmund
D:3:      layout_rooms, gammafunk_temple_overflow_wave,
          beargit_hepliaklqana_dungeon_heroes,
          hellmonk_ecumenical_altar_leap_of_faith

Skill      XL: |  1  2  3  4 |
---------------+-------------+-----
Stealth        | 2 |  2.5
Fire Magic     | 3 |  3.3
Dodging        | 2 |  2.2
Fighting       | 1 |  1.1
Conjurations   | 2 |  2.1
Spellcasting   | |  2.7

Action                   |  1- 3 |  4- 6 || total
-------------------------+-------+-------++-------
Melee: Short sword       |    63 |    31 ||    94
       Punch             |     1 |       ||     1
 Cast: Foxfire           |    39 |    16 ||    55
  Use: Potion            |       |     3 ||     3
 Stab: Sleeping          |     5 |     1 ||     6
Armor: Robe              |    13 |     2 ||    15
Dodge: Dodged            |    55 |    28 ||    83
